 Dungeon Crawl Stone Soup version 0.23-a0-13-gb09bef45d9 (webtiles) character file.

29 LLavrengius the Insei (level 3, -1/26 HPs)
             Began as a Vampire Transmuter on Aug 2, 2018.
             Slain by a hobgoblin
             ... wielding a +0 club
              (3 damage)
             ... on level 2 of the Dungeon.
             The game lasted 00:03:46 (1321 turns).

LLavrengius the Insei (Vampire Transmuter)          Turns: 1321, Time: 00:03:46

Health: -1/26      AC:  2    Str: 10    XL:     3   Next: 1%
Magic:  15/15      EV: 13    Int: 15    God:
Gold:   60         SH:  0    Dex: 14    Spells: 5/6 levels left

rFire    . . .     SeeInvis +     - Unarmed
rCold    + . .     Gourm    .   (no shield)
rNeg     + + .     Faith    .   b - +0 robe
rPois    +         Spirit   .   (no helmet)
rElec    .         Reflect  .   (no cloak)
rCorr    .         Harm     .   (no gloves)
MR       .....                  (no boots)
Stlth    ++........             (no amulet)
HPRegen  0.04/turn              c - ring of magical power
MPRegen  0.14/turn              (no ring)

@: regenerating slowly
A: fangs 3, see invisible, unbreathing
a: Bat Form


You were on level 2 of the Dungeon.
You were very thirsty.

You visited 1 branch of the dungeon, and saw 2 of its levels.

You collected 60 gold pieces.

Inventory:

Missiles
 a - 12 arrows
 f - 58 stones (quivered)
Armour
 b - a +0 robe (worn)
Jewellery
 c - a ring of magical power (left hand)
Scrolls
 e - a scroll of fear {unknown}
Potions
 d - 5 potions of blood
 h - a potion of invisibility {unknown}
 i - a potion of magic {unknown}
Comestibles
 g - 3 rations


   Skills:
 + Level 1.0 Fighting
 + Level 2.5 Dodging
 + Level 0.4 Stealth
 + Level 4.1 Unarmed Combat
 + Level 2.1 Spellcasting
 + Level 2.4 Transmutations


You had 5 spell levels left.
You knew the following spells:

 Your Spells              Type           Power        Failure   Level  Hunger
a - Beastly Appendage     Tmut           #.....       9%          1    #......

Your spell library contained the following spells:

 Spells                   Type           Power        Failure   Level  Hunger
 Spider Form              Tmut/Pois      #.........   38%         3    ###....
 Blade Hands              Tmut           #.........   92%         5    ######.
 Ice Form                 Ice/Tmut       #.......     80%         4    #####..
 Sticks to Snakes         Tmut           #.......     12%         2    ###....


Dungeon Overview and Level Annotations

Branches:
Dungeon (2/15)

Altars:


Innate Abilities, Weirdness & Mutations

You heal slowly.
You have razor-sharp teeth.
You have supernaturally acute eyesight. (SInv)
You can survive without breathing.


Message History

You barely miss the goblin.
The goblin is almost dead.
The goblin hits you.
* * * LOW HITPOINT WARNING * * *
You hit the goblin but do no damage.
The goblin is almost dead.
The goblin barely misses you.
You hit the goblin.
You kill the goblin!
Your Fighting skill increases to level 1!
You have reached level 3!
Your experience leads to an increase in your attributes!
Increase (S)trength, (I)ntelligence, or (D)exterity?
You feel stronger.
You can now transform into a vampire bat.
There is a stone staircase leading down here.
You climb downwards.
The adder bites you.
* * * LOW HITPOINT WARNING * * *
The hobgoblin hits you with a club.
You die...

... .. ..#
####### ..##
..........
#####...#..#
......gS...##.#
#....@.....#
#........##.#
#.#...#..# #
#...#.... ...##
#### #.#. .#..
.# #.


You could see an adder and a hobgoblin.

Vanquished Creatures
  An adder (D:1)
  A ball python (D:1)
  A giant cockroach (D:1)
  4 goblins (D:1)
  3 hobgoblins (D:1)
  5 kobolds (D:1)
  A bat (D:1)
  3 rats (D:1)
19 creatures vanquished.

Notes
Turn   | Place    | Note
-------+----------+-------------------------------------------
     0 | D:1      | LLavrengius the Vampire Transmuter began the quest for the Orb.
     0 | D:1      | Reached XP level 1. HP: 14/14 MP: 3/3
   372 | D:1      | Reached XP level 2. HP: 8/20 MP: 5/5
   635 | D:1      | Reached skill level 4 in Unarmed Combat
  1318 | D:1      | Reached skill level 1 in Fighting
  1318 | D:1      | Reached XP level 3. HP: 5/26 MP: 6/6
  1321 | D:2      | Slain by a hobgoblin

Vault maps used:
D:1:      onia_arrival_pentagram, minmay_misc_feat_more_columns

Skill      XL: |  1  2 |
---------------+-------+-----
Unarmed Combat | 4 |  4.1
Fighting       | 1 |  1.0
Dodging        | |  2.5
Stealth        | |  0.4
Spellcasting   | |  2.1
Transmutations | |  2.4

Action                   || total
-------------------------++-------
Melee: Unarmed           ||    67
       Kick              ||     3
       Headbutt          ||     1
 Cast: Beastly Appendage ||     8
 Stab: Sleeping          ||     1
Armor: Robe              ||    13
Dodge: Dodged            ||    49

Table legend:
 A = Spawn XP
 B = Non-spawn XP
 C = Spawn XP percentage of total XP
 D = Spawn monster count
 E = Non-spawn monster count
 F = Spawn count percentage of total count
 G = Total turns spent on level
                    A         B        C        D         E        F      G
               +---------+---------+-------+---------+---------+-------+---------
         Total |       0 |      42 |   0.0 |       0 |      19 |   0.0 |  1321
               +---------+---------+-------+---------+---------+-------+---------
           D:1 |       0 |      42 |   0.0 |       0 |      19 |   0.0 |  1317
               +---------+---------+-------+---------+---------+-------+---------
